 Seeded DCSS version 0.27.1 (webtiles) character file.

Game seed: 20210820 (custom seed)

237443 mainiacjoe the Warrior (level 20, -5/160 HPs)
             Began as a Djinni Arcane Marksman on Aug 20, 2021.
             Was a Priest of Ashenzari.
             Slain by a merfolk (15 damage)
             ... on level 2 of the Shoals on Aug 22, 2021.
             The game lasted 04:01:26 (52641 turns).

mainiacjoe the Warrior (Djinni Arcane Marksman)    Turns: 52641, Time: 04:01:26

Health: -5/160     AC: 10    Str: 13    XL:     20   Next: 48%
Gold:   2000       EV: 22    Int: 26    God:    Ashenzari [***...] SH:  6 Dex: 19

rFire    + + +     SeeInvis +   b - +1 scimitar (vorpal)
rCold    . . .     Faith    .   H - +0 buckler of Toth-Mos's Legacy {Int+4 Dex+2, Melee, Range} (curse)
rNeg     . . .     Spirit   .   j - +2 robe of the Sky {rElec Dex+2}
rPois    ∞         Reflect  .   e - +1 helmet of Ashenzari's Irritation {Evo, Fort} (curse)
rElec    +         Harm     .   T - scarf "Eternal With Me" {rC+ rF+, Self, Cun} (curse)
rCorr    .         Rampage  .   p - +2 pair of gloves of Ashenzari's Repose {Str+3, Cun, Fort} (curse)
Will     +++..     Clarity  +   (boots unavailable)
Stlth    ++++++++..             k - amulet of regeneration
HPRegen  1.36/turn              A - ring of Star-Bound Wisdom {Will+, Evo, Self} (curse)
MPRegen  0.00/turn              i - ring of Shadows {Umbra +Inv Stlth+}

@: flying, wreathed by umbra, studying Dodging
A: sickness immunity, fire resistance 2, cold vulnerability 1, float, innate
caster, hp casting, extra vitality 1
}: 1/15 runes: gossamer
a: Renounce Religion, Evoke Invisibility, Shatter the Chains


You were on level 2 of the Shoals.
You worshipped Ashenzari.
Ashenzari was most pleased with you.
You visited 7 branches of the dungeon, and saw 31 of its levels.
You also visited: Ossuary, Gauntlet and Ice Cave.

You collected 4286 gold pieces.
You spent 2286 gold pieces at shops.

Inventory:

Hand Weapons
 a - a +2 dagger of electrocution
 b - a +1 vorpal scimitar (weapon)
 Y - a +1 long sword of protection
Missiles
 l - 27 javelins
 v - 13 silver javelins
 z - 66 sling bullets
 R - 31 poisoned darts (quivered)
 U - 28 boomerangs
Armour
 e - the cursed +1 helmet of Ashenzari's Irritation (worn) {Evo, Fort}
   (You found it on level 1 of the Dungeon)

   It has a curse which improves the following skills: Evocations: Evocations.
   Fortitude: Armour and Shields.
 j - the +2 robe of the Sky (worn) {rElec Dex+2}
   (You found it on level 3 of the Spider Nest)

   Dex:       It affects your dexterity (+2).
   rElec:     It insulates you from electricity.
 p - the cursed +2 pair of gloves of Ashenzari's Repose (worn) {Str+3, Cun, Fort}
   (You found it in a Gauntlet)

   It has a curse which improves the following skills: Cunning: Dodging and
   Stealth.
   Fortitude: Armour and Shields.
 H - the cursed +0 buckler of Toth-Mos's Legacy (worn) {Int+4 Dex+2, Melee, Range}
   (You bought it in a shop on level 2 of the Orcish Mines)

   Int:       It affects your intelligence (+4).
   Dex:       It affects your dexterity (+2).
   It has a curse which improves the following skills: Melee Combat: Short
   Blades, Long Blades, Axes, Maces & Flails, Polearms, Staves and Unarmed
   Combat.
   Ranged Combat: Slings, Bows, Crossbows and Throwing.
 T - the cursed scarf "Eternal With Me" (worn) {rC+ rF+, Self, Cun}
   (You found it on level 1 of the Lair of Beasts)

   It has a curse which improves the following skills: Introspection: Fighting
   and Spellcasting.
   Cunning:   Dodging and Stealth.
Jewellery
 i - the ring of Shadows (right hand) {Umbra +Inv Stlth+}
   (You found it in a Gauntlet)

   [ring of stealth]

   It surrounds you with an aura of shadow, increasing your stealth and reducing
   the accuracy of all within it (including the wearer).
   +Inv:      It lets you turn invisible.
   Stlth:     It makes you more stealthy.
 k - an amulet of regeneration (around neck)
 t - a ring of willpower
 A - the cursed ring of Star-Bound Wisdom (left hand) {Will+, Evo, Self}
   (You found it on level 5 of the Dungeon)

   [ring of willpower]

   Will:      It increases your willpower.
   It has a curse which improves the following skills: Evocations: Evocations.
   Introspection: Fighting and Spellcasting.
 E - the ring "Duori" {rF+ AC+4 Str+3}
   (You acquired it on level 1 of the Elven Halls)

   [ring of protection]

   AC:        It affects your AC (+4).
   Str:       It affects your strength (+3).
   rF:        It protects you from fire.
 P - a ring of protection from cold
Wands
 f - a wand of mindburst (28)
 q - a wand of iceblast (42)
 w - a wand of acid (2)
 y - a wand of charming (27)
 C - a wand of digging (16)
 I - a wand of polymorph (26)
 N - a wand of paralysis (21)
 W - a wand of flame (54)
Scrolls
 d - 16 scrolls of teleportation
 g - 3 scrolls of holy word
 m - 3 scrolls of silence
 n - 4 scrolls of vulnerability
 r - 3 scrolls of blinking
 u - 4 scrolls of fear
 J - a scroll of enchant weapon
 O - a scroll of enchant armour
 S - a scroll of magic mapping
 X - 2 scrolls of summoning
Potions
 c - a potion of mutation
 h - 5 potions of berserk rage
 o - 14 potions of curing
 x - 4 potions of haste
 B - 3 potions of might
 D - 7 potions of ambrosia
 G - 3 potions of brilliance
 K - 6 potions of resistance
 L - 3 potions of cancellation
 M - 3 potions of attraction
 Q - 2 potions of heal wounds
 Z - a potion of invisibility
Miscellaneous
 s - a condenser vane
 F - a piece from Xom's chessboard (15/15)
 V - a lightning rod (4/4)


   Skills:
 - Level 16.8(19.1) Fighting
 - Level 12.2(13.9) Long Blades
 - Level 4.0(5.7) Bows
 - Level 6.4(9.4) Armour
 - Level 11.8(14.4) Dodging
 - Level 7.6(10.6) Stealth
 - Level 2.5(4.9) Shields
 - Level 16.1(18.5) Spellcasting
 + Level 10.9(13.5) Evocations


You had 7 spell levels left.
You knew the following spells:

 Your Spells              Type           Power      Damage    Failure   Level
a - Shock                 Conj/Air       100%       1d9       0%          1
b - Slow                  Hex            88%        N/A       0%          2
c - Inner Flame           Hex/Fire       88%        N/A       0%          3
d - Poisonous Vapours     Pois/Air       100%       N/A       0%          2
e - Vampiric Draining     Necr           44%        2d12      0%          3
f - Cause Fear            Hex            44%        N/A       0%          4
g - Agony                 Necr           88%        N/A       1%          5
h - Corona                Hex            97%        N/A       0%          1
i - Lesser Beckoning      Tloc           44%        N/A       0%          3
j - Ice Form              Ice/Tmut       88%        N/A       0%          4
k - Portal Projectile     Hex/Tloc       100%       N/A       0%          3
l - Conjure Ball Lightni  Conj/Air       44%        3x3d15    1%          6
s - Simulacrum            Ice/Necr       44%        N/A       1%          6
z - Death Channel         Necr           44%        N/A       1%          6
Your spell library was empty.

Dungeon Overview and Level Annotations

Branches:
Dungeon (15/15)            Temple (1/1) D:6            Lair (6/6) D:11
 Shoals (2/4) Lair:3       Spider (4/4) Lair:3        Slime (0/5) Lair:5
    Orc (2/2) D:10            Elf (1/3) Orc:2        Vaults (0/5) D:14
 Depths (0/5) D:15        Ossuary (visited)           IceCv (visited)
Gauntlet (visited)

Altars:
Ashenzari
Cheibriados
Dithmenos
Elyvilon
Fedhas
Gozag
Hepliaklqana
Kikubaaqudgha
Makhleb
Nemelex Xobeh
Okawaru
Qazlal
Ru
Sif Muna
Trog
Uskayaw
Vehumet
Wu Jian
Xom
Yredelemnul
Zin
The Shining One
Beogh
Jiyva

Shops:
Orc:1 (   Orc:2 ([*

Portals:
Trove: D:13 (give +3 storm dragon scales)

Annotations:
D:3 2 transporters, Mrcawl's ghost, amateur DjGl
D:14 3 runed translucent doors, Kapsuk's ghost, journeyman DECj


Innate Abilities, Weirdness & Mutations

You are immune to sickness and miasma.
You are immune to poison.
Your flesh is very heat resistant. (rF++)
You are vulnerable to cold. (rC-)
You float through the air rather than walking.
You learn spells naturally, not from books.
Your magical power is your life essence.
You have superior vitality. (+4 HP)


Message History

You closely miss the merfolk aquamancer.
The merfolk aquamancer is almost dead.
The merfolk aquamancer gestures at you while chanting.
The torrent of water hits you!
You are knocked back by the torrent of water.
You slam into the rock wall!
The wave splashes down.
The merfolk hits you but does no damage.
You hear a shout!
You slash the merfolk aquamancer!
You kill the merfolk aquamancer!
You hear a splash. x2
The merfolk closely misses you.
The merfolk throws a boomerang.
The boomerang hits you!
Things that are here:
a +0 rapier; a +0 robe A merfolk comes into view.
It is wielding a +0 trident.
You block the merfolk's attack.
You closely miss the merfolk. You hit the merfolk.
The merfolk is lightly wounded.
The merfolk barely misses you.
The merfolk throws a throwing net.
The throwing net hits you.
You become entangled in the net!
You hear a splash.
You struggle against the net.
You struggle against the net.
The merfolk hits you with a +0 trident!!
* * * LOW HITPOINT WARNING * * *
A merfolk comes into view. It is wielding a +0 trident.
You struggle against the net.
The merfolk hits you with a +0 trident!
* * * LOW HITPOINT WARNING * * *
The merfolk hits you from afar with a +0 trident!
* * * LOW HITPOINT WARNING * * *
You rip the net and break free!
The merfolk completely misses you.
You riposte.
You closely miss the merfolk. The merfolk closely misses you.
The merfolk throws a boomerang.
The boomerang closely misses you.
There is a stone staircase leading up here.
The merfolk throws a boomerang.
The boomerang hits you!
* * * LOW HITPOINT WARNING * * *
The merfolk hits you from afar with a +0 trident!
You die...

≈ ≈ ≈
≈≈≈...#####.###, ≈
, ≈ ≈ ≈ ≈
≈≈≈≈..#........ ≈
, ≈ ≈ ≈
≈≈≈≈.m.........≈ ,
≈≈
≈≈≈≈≈≈≈≈...≈....
≈≈ * ≈ ≈
.....≈≈≈≈≈≈.... ≈≈
, ≈≈
..[....≈≈(..≈≈≈ ≈≈
, ≈ ≈≈ , ##..## ≈≈
≈ ≈ ≈ ≈≈≈ , ,
###≈m##.≈≈≈ ≈ , ,
≈ ≈ , , ,
##@)m...≈≈≈ , ≈
≈≈≈
,.≈≈...≈≈≈..≈≈≈≈≈,
, ≈≈ ≈
≈≈≈≈≈≈..≈≈≈≈≈≈≈≈≈
≈, ≈ ≈≈
≈≈≈≈≈≈≈≈≈≈≈≈≈≈≈≈ ≈
≈ ≈
≈≈≈≈≈≈≈≈≈≈≈≈≈≈≈≈
≈≈ ≈ ≈≈≈
≈≈≈≈≈≈≈≈≈≈≈≈≈≈≈≈
≈≈ ,
≈≈≈≈≈≈≈≈≈≈≈≈≈≈≈≈≈
≈ ≈ ≈
≈≈≈≈≈≈≈≈≈≈≈≈≈≈≈≈ ≈
≈ ≈≈≈ ≈ ≈≈ ≈ ≈ ≈≈


You could see 2 merfolk.

Vanquished Creatures
  Arachne (Spider:4)
  Jorgrun (Spider:1)
  A storm dragon (Spider:3)
  3 emperor scorpions (Spider:3)
  A ghost moth (Spider:3)
  A deep elf sorcerer (Elf:1)
  2 orc warlords
  2 stone giants
  The ghost of mainiacjoe the Covert, a journeyman OpEE of Makhleb (Lair:3)
  A white draconian (IceCv)
  3 deep elf annihilators (Elf:1)
  6 entropy weavers
  A minotaur (Gauntlet)
  A spark wasp (Spider:4)
  3 ettins
  A merfolk javelineer (Shoals:1)
  2 eleionomae (Shoals:1)
  A deep elf death mage (Elf:1)
  Josephine (D:12)
  Snorg (Lair:6)
  A rakshasa (D:15)
  7 boulder beetles
  Erolcha (D:11)
  8 vault guards (D:14)
  15 hydras
  An ogre mage (D:15)
  5 catoblepae
  A ghost crab (Spider:4)
  2 ironbound frosthearts (IceCv)
  2 death knights (D:14)
  Erica (D:10)
  6 two-headed ogres
  A merfolk aquamancer (Shoals:2)
  3 centaur warriors
  3 satyrs (Shoals:1)
  2 death scarabs (Gauntlet)
  6 tengu warriors
  21 death yaks
  4 dancing weapons (Elf:1)
  Urug (Lair:3)
  An orc high priest (Orc:2)
  4 deep elf knights (Elf:1)
  Nergalle (D:10)
  A skeletal warrior (D:15)
  A sea snake (Shoals:1)
  An orange crystal statue (IceCv)
  A flayed ghost (D:14)
  Pikel (D:4)
  2 wizards (D:14)
  2 lindwurms
  8 harpies (Shoals:1)
  4 deep elf archers (Elf:1)
  12 deep elf pyromancers
  An orc sorcerer (Orc:2)
  3 deep elf zephyrmancers (Elf:1)
  3 orc knights
  41 ugly things
  15 orb spiders
  12 cyclopes
  23 wolf spiders
  2 spectral boulder beetles (Gauntlet)
  15 slime creatures
  8 manticores
  A manticore (shapeshifter) (D:13)
  4 moths of wrath
  9 fauns (Shoals:1)
  6 elephants
  3 merfolk sirens (Shoals:1)
  An ice statue (Spider:2)
  7 black mambas
  5 torpor snails
  2 water nymphs (Shoals:1)
  A smoke demon (Gauntlet)
  2 unseen horrors
  12 cane toads
  5 demonic crawlers
  14 rime drakes
  2 freezing wraiths
  8 komodo dragons
  3 meliai (D:15)
  A red devil (Gauntlet)
  8 trolls
  A queen bee (D:9)
  2 merfolk (Shoals:1)
  34 jumping spiders
  24 polar bears
  2 wind drakes (Shoals:1)
  7 hornets
  3 tyrant leeches (Spider:4)
  A snapping turtle (Shoals:1)
  A wolf spider simulacrum (D:13)
  11 blink frogs (Lair:6)
  5 dream sheep
  A spectral black mamba (Gauntlet)
  A ynoxinul (D:8)
  2 shadows (D:11)
  A spriggan (Lair:2)
  5 water elementals
  78 redbacks
  34 tarantellas
  A vampire (D:10)
  4 wyverns
  12 wraiths
  78 yaks
  4 basilisks
  A chaos spawn (Gauntlet)
  8 vampire mosquitoes
  A spectral komodo dragon (Gauntlet)
  2 steam dragons
  A naga (shapeshifter) (D:13)
  3 wargs
  An acid dragon (D:9)
  16 water moccasins
  Duvessa (D:6)
  2 sky beasts
  20 orc warriors
  An ice beast (D:6)
  2 black bears
  8 wolves
  9 ogres
  16 centaurs
  A lemure (D:4)
  2 kobold brigands
  13 bullfrogs
  5 scorpions
  A wyvern zombie (D:7)
  A gnoll sergeant (D:7)
  Dowan (D:5)
  15 killer bees
  10 wights
  3 electric eels (Lair:3)
  4 crimson imps (Gauntlet)
  A howler monkey (D:11)
  6 centaur zombies
  3 hounds
  A jelly (D:5)
  10 orc priests
  An iron imp (D:8)
  18 orc wizards
  An iguana (D:5)
  Natasha (twice) (D:4)
  5 hell rats (Lair:4)
  8 mummies (Ossuary)
  Robin (D:2)
  5 gnolls (D:7)
  6 adders
  3 shadow imps
  3 white imps (D:7)
  An adder zombie (D:5)
  An adder skeleton (D:4)
  3 worms
  7 dart slugs
  77 orcs
  9 endoplasms
  2 giant cockroaches (D:1)
  A gnoll zombie (Ossuary)
  14 goblins
  12 hobgoblins
  7 jackals
  18 kobolds
  3 quokkas
  8 ball pythons
  6 bats
  3 frilled lizards
  A hobgoblin zombie (Ossuary)
  4 kobold zombies (Ossuary)
  2 orc zombies (Ossuary)
  2 rats
  2 bushes
  A butterfly (Lair:5)
1099 creatures vanquished.

Vanquished Creatures (collateral kills)
  Frances (Spider:1)
  4 ghost moths (Spider:4)
  2 emperor scorpions (Spider:4)
  A boulder beetle (Spider:3)
  A ghost crab (Spider:4)
  10 wolf spiders
  4 orb spiders
  A torpor snail (Spider:4)
  2 demonic crawlers
  A hornet (Spider:3)
  15 jumping spiders
  A tyrant leech (Spider:4)
  23 redbacks
  6 tarantellas
  4 vampire mosquitoes (Spider:4)
  An orc warrior (Orc:1)
  An orc wizard (Orc:1)
  An orc (Orc:1)
  2 ball lightnings (Spider:3)
81 creatures vanquished.

Vanquished Creatures (others)
  A deep elf zephyrmancer (Elf:1)
  A tyrant leech (Spider:4)
  An orc wizard (Orc:2)
  16 ball lightnings
  A bush (Lair:3)
  84 fungi
  163 plants
  2 withered plants (Lair:3)
269 creatures vanquished.

Grand Total: 1449 creatures vanquished

Notes
Turn   | Place    | Note
-------+----------+-------------------------------------------
     0 | D:1      | mainiacjoe the Djinni Arcane Marksman began the quest for
                  | the Orb.
     0 | D:1      | Reached XP level 1. HP: 17/17 MP: 0/0
   365 | D:1      | Found a faded altar of an unknown god.
   401 | D:1      | Reached XP level 2. HP: 19/22 MP: 0/0
   694 | D:1      | Reached XP level 3. HP: 25/27 MP: 0/0
   694 | D:1      | Learned a level 1 spell: Shock
  1873 | D:2      | Reached XP level 4. HP: 28/32 MP: 0/0
  2685 | D:2      | Noticed Robin
  2794 | D:2      | Killed Robin
  3280 | D:3      | Found a transporter.
  3280 | D:3      | Identified the +3 great mace of Zujeiw {vorpal, rF+ rC+
                  | Int-2}
  3280 | D:3      | Noticed an ogre
  3280 | D:3      | Noticed Mrcawl's ghost (amateur DjGl)
  3284 | D:3      | Reached XP level 5. HP: 37/37 MP: 0/0
  3284 | D:3      | Learned a level 2 spell: Poisonous Vapours
  3285 | D:3      | Found a transporter.
  3679 | D:3      | Found a stormy altar of Qazlal.
  4438 | D:4      | Noticed Pikel
  4438 | D:4      | Noticed a lemure
  4438 | D:4      | Noticed a lemure
  4438 | D:4      | Noticed a lemure
  4438 | D:4      | Noticed a lemure
  4458 | D:4      | Killed a lemure
  4458 | D:4      | Killed Pikel
  4459 | D:4      | Reached skill level 5 in Spellcasting
  4459 | D:4      | Reached XP level 6. HP: 19/42 MP: 0/0
  4459 | D:4      | Reached XP level 7. HP: 22/47 MP: 0/0
  4459 | D:4      | Learned a level 3 spell: Vampiric Draining
  4976 | D:4      | Noticed Natasha
  5262 | D:4      | Killed Natasha
  5263 | D:4      | Reached XP level 8. HP: 48/52 MP: 0/0
  5263 | D:4      | Noticed Natasha
  5265 | D:4      | Killed Natasha
  5346 | D:5      | Entered Level 5 of the Dungeon
  5348 | D:5      | Found a sacrificial altar of Ru.
  5548 | D:5      | Found a hazy altar of Hepliaklqana.
  6003 | D:5      | Found a hide-covered altar of Uskayaw.
  7281 | D:6      | Found a staircase to the Ecumenical Temple.
  7287 | Temple   | Entered the Ecumenical Temple
  7512 | Temple   | Became a worshipper of Ashenzari the Shackled
  7696 | D:6      | Noticed Duvessa
  7703 | D:6      | Noticed Dowan
  7710 | D:6      | Killed Duvessa
  7711 | D:6      | Reached XP level 9. HP: 22/57 MP: 0/0
  7711 | D:6      | Learned a level 3 spell: Lesser Beckoning
  7961 | D:5      | Killed Dowan
  8793 | D:6      | Identified the +2 scale mail "Punwuun" {rPois rC+}
  9085 | D:7      | Noticed a troll
  9093 | D:7      | Killed a troll
 10423 | D:8      | Reached XP level 10. HP: 45/62 MP: 0/0
 10431 | D:8      | Reached skill level 10 in Spellcasting
 10733 | D:8      | Found a sand-covered staircase.
 10749 | Ossuary  | Entered an ossuary
 11423 | D:8      | Found a glowing golden altar of the Shining One.
 11829 | D:8      | Reached * piety under Ashenzari
 11900 | D:8      | Identified Sif Muna's Handbook of Execration
 11920 | D:8      | Found a bloodstained altar of Trog.
 12167 | D:8      | Found a snail-covered altar of Cheibriados.
 12730 | D:9      | Found a shadowy altar of Dithmenos.
 13260 | D:9      | Reached ** piety under Ashenzari
 13550 | D:9      | Reached XP level 11. HP: 35/68 MP: 0/0
 13550 | D:9      | Learned a level 4 spell: Ice Form
 13707 | D:9      | Identified the cursed +0 buckler of Curses and Power {Cun,
                  | Evo} (You found it on level 5 of the Dungeon)
 13707 | D:9      | Identified the cursed +2 animal skin "Omen of Ashenzari"
                  | {Robin, Range, Cun} (You took it off Robin on level 2 of
                  | the Dungeon)
 13764 | D:9      | Found an iron altar of Okawaru.
 14198 | D:9      | Reached skill level 1 in Shields
 14907 | D:9      | Reached *** piety under Ashenzari
 15058 | D:10     | Entered Level 10 of the Dungeon
 15060 | D:10     | Identified the +5 war axe "Qarrauge" {flame, +Blink MP+9
                  | Int-4 Stlth+}
 15077 | D:10     | Found a shimmering altar of Xom.
 15745 | D:10     | Reached skill level 1 in Evocations
 16001 | D:10     | Noticed Erica
 16009 | D:10     | Killed Erica
 16126 | D:10     | Reached skill level 5 in Dodging
 16756 | D:10     | Found a staircase to the Orcish Mines.
 16819 | D:10     | Noticed Nergalle
 16829 | D:10     | Killed Nergalle
 16830 | D:10     | Reached skill level 1 in Long Blades
 17597 | D:11     | Reached skill level 5 in Fighting
 17695 | D:11     | Noticed a two-headed ogre
 17704 | D:11     | Killed a two-headed ogre
 17705 | D:11     | Reached XP level 12. HP: 84/89 MP: 0/0
 17730 | D:11     | Found a staircase to the Lair.
 17770 | D:11     | Noticed Erolcha
 17777 | D:11     | Killed Erolcha
 18150 | D:11     | Identified the +10 quarterstaff "Beocs" {vorpal, *Corrode
                  | rElec Str+3 Dex+8}
 18508 | Lair:1   | Entered Level 1 of the Lair of Beasts
 18515 | Lair:1   | Reached skill level 5 in Long Blades
 18650 | Lair:1   | Reached **** piety under Ashenzari
 20043 | Lair:1   | Identified the +8 war axe "Quubiul" {speed, Dex+3}
 20394 | Lair:2   | Noticed a seven-headed hydra
 20408 | Lair:2   | Killed a five-headed hydra
 20746 | Lair:2   | Reached XP level 13. HP: 90/97 MP: 0/0
 20746 | Lair:2   | Learned a level 5 spell: Agony
 20807 | Lair:2   | Reached skill level 10 in Long Blades
 21868 | Lair:3   | Found a runed translucent door.
 21868 | Lair:3   | Noticed mainiacjoe's ghost (journeyman OpEE)
 21876 | Lair:3   | Noticed a four-headed hydra
 21896 | Lair:3   | Killed a four-headed hydra
 22043 | Lair:3   | Noticed a five-headed hydra
 22056 | Lair:3   | Killed a four-headed hydra
 22057 | Lair:3   | Reached ***** piety under Ashenzari
 22191 | Lair:3   | Reached skill level 1 in Armour
 22259 | Lair:3   | Noticed Urug
 22273 | Lair:3   | Killed Urug
 22553 | Lair:3   | Noticed a catoblepas
 22970 | Lair:3   | Noticed an eight-headed hydra
 22979 | Lair:3   | Killed an eight-headed hydra
 23218 | Lair:3   | Found a staircase to the Shoals.
 23223 | Lair:3   | Found a hole to the Spider Nest.
 23431 | Lair:3   | Killed a catoblepas
 23664 | Lair:3   | Noticed an eight-headed hydra
 23670 | Lair:3   | Killed an eight-headed hydra
 23671 | Lair:3   | Reached XP level 14. HP: 102/108 MP: 0/0
 24703 | Lair:4   | Identified the Almanac of Creation
 25766 | Lair:5   | Found a runed translucent door.
 25835 | Lair:5   | Found a staircase to the Slime Pits.
 25837 | Lair:5   | Found a viscous altar of Jiyva.
 26548 | Lair:6   | Entered Level 6 of the Lair of Beasts
 26625 | Lair:6   | Noticed Snorg
 26637 | Lair:6   | Killed Snorg
 27325 | Lair:6   | Reached skill level 10 in Fighting
 27760 | Lair:6   | Reached XP level 15. HP: 112/121 MP: 0/0
 27760 | Lair:6   | Learned a level 6 spell: Simulacrum
 28689 | Lair:6   | Identified a scroll of acquirement
 28698 | Lair:6   | Acquired 784 gold pieces
 31135 | Orc:1    | Entered Level 1 of the Orcish Mines
 31164 | Orc:1    | Found Foewn's Antique Weapon Shoppe.
 31285 | Orc:2    | Entered Level 2 of the Orcish Mines
 31287 | Orc:2    | Found a staircase to the Elven Halls.
 31310 | Orc:2    | Found Qulir Yrhiu's Jewellery Boutique.
 31340 | Orc:2    | Found a gate leading to a gauntlet.
 31364 | Gauntlet | Entered a Gauntlet
 31364 | Gauntlet | Found a transporter.
 31384 | Gauntlet | Found a transporter.
 31386 | Gauntlet | Found a transporter.
 31391 | Gauntlet | Found a runed translucent door.
 31392 | Gauntlet | Found a runed translucent door.
 31396 | Gauntlet | Found a transporter.
 31396 | Gauntlet | Found the ring of Shadows {Umbra +Inv Stlth+}
 31398 | Gauntlet | Found a transporter.
 31410 | Gauntlet | Found a transporter.
 31419 | Gauntlet | Found a runed translucent door.
 31426 | Gauntlet | Found a transporter.
 31435 | Gauntlet | Identified the amulet "Niotig" {Reflect Drain rC++ SH+5}
 31436 | Gauntlet | Found a transporter.
 31446 | Gauntlet | Found a transporter.
 31464 | Gauntlet | Found a transporter.
 31477 | Gauntlet | Found a runed translucent gate.
 31478 | Gauntlet | Found a runed translucent gate.
 31478 | Gauntlet | Found a transporter.
 31478 | Gauntlet | Found a transporter.
 31479 | Gauntlet | Found a runed translucent gate.
 31537 | Gauntlet | Found a transporter.
 31568 | Gauntlet | Found a transporter.
 32072 | Gauntlet | Reached XP level 16. HP: 54/132 MP: 0/0
 32327 | Gauntlet | Identified the +1 glaive of Obsession {speed, Int+2 Dex+2}
 34129 | Orc:2    | Found Nennougg's General Store.
 34166 | Orc:2    | Found Juidghusi's Antique Weapon Emporium.
 34301 | Orc:2    | Found a runed translucent door.
 34440 | Orc:2    | Found Xeicvu's Antique Armour Boutique.
 34454 | Orc:2    | Bought a transparent buckler for 285 gold pieces
 34454 | Orc:2    | Identified the +0 buckler of Hangman {Int+4 Dex+2} (You
                  | bought it in a shop on level 2 of the Orcish Mines)
 34454 | Orc:2    | Bought a glowing buckler for 225 gold pieces
 34494 | Orc:1    | Bought a runed triple sword for 455 gold pieces
 34548 | Orc:2    | Bought a manual of Dodging for 1120 gold pieces
 35375 | D:12     | Noticed Josephine
 35382 | D:12     | Killed Josephine
 36544 | D:13     | Reached skill level 1 in Stealth
 36584 | D:13     | Identified the +1 robe of Xudgheida {Fly}
 36611 | D:13     | Reached skill level 5 in Evocations
 36722 | D:13     | Found a portal to a secret trove of treasure.
 37672 | D:13     | Reached skill level 5 in Stealth
 37937 | D:14     | Reached XP level 17. HP: 111/131 MP: 0/0
 37937 | D:14     | Learned a level 6 spell: Death Channel
 38490 | D:14     | Found a runed translucent gate.
 38490 | D:14     | Found a runed translucent gate.
 38490 | D:14     | Found a runed translucent gate.
 38490 | D:14     | Noticed a tengu reaver
 38490 | D:14     | Noticed Kapsuk's ghost (journeyman DECj)
 38729 | D:14     | Found a gate to the Vaults.
 39070 | D:15     | Entered Level 15 of the Dungeon
 39161 | D:15     | Found a white marble altar of Elyvilon.
 39381 | D:15     | Found a hazy altar of Hepliaklqana.
 40289 | D:15     | Found a staircase to the Depths.
 41085 | D:15     | Upgraded the game from 0.27.0-66-gdc8fb28755 to 0.27.1
 41436 | Lair:3   | Killed mainiacjoe's ghost
 41473 | Spider:1 | Entered Level 1 of the Spider Nest
 41493 | Spider:1 | Reached skill level 15 in Fighting
 41663 | Spider:1 | Reached XP level 18. HP: 144/144 MP: 0/0
 41811 | Spider:1 | Noticed Jorgrun
 41816 | Spider:1 | Noticed Frances
 41825 | Spider:1 | Killed Jorgrun
 41851 | Spider:1 | Killed Frances
 42500 | Spider:2 | Found a frozen archway.
 42581 | IceCv    | Entered an ice cave
 43721 | IceCv    | Noticed a shard shrike
 43890 | IceCv    | Identified the +0 cloak of Pushyimn {Harm *Slow rElec
                  | rPois}
 44505 | Spider:2 | Reached skill level 5 in Armour
 44801 | Spider:2 | Identified the +6 spear of Indomitability {flame, Str+4}
 45430 | Spider:3 | Identified the +2 robe of the Sky {rElec Dex+2}
 45457 | Spider:3 | Identified the +1 great mace of Integrity {freeze, rElec}
 45526 | Spider:3 | Reached XP level 19. HP: 158/158 MP: 0/0
 45526 | Spider:3 | Learned a level 6 spell: Conjure Ball Lightning
 45574 | Spider:3 | Reached skill level 15 in Spellcasting
 46585 | Spider:4 | Entered Level 4 of the Spider Nest
 47344 | Spider:4 | Noticed Arachne
 47363 | Spider:4 | Killed Arachne
 47725 | Spider:4 | Reached skill level 10 in Dodging
 47873 | Spider:4 | Got a gossamer rune of Zot
 48451 | Elf:1    | Entered Level 1 of the Elven Halls
 48966 | Elf:1    | Reached XP level 20. HP: 155/164 MP: 0/0
 49138 | Elf:1    | Identified the Guide on Attacks
 49742 | Elf:1    | Acquired the ring "Duori" {rF+ AC+4 Str+3}
 50462 | Shoals:1 | Entered Level 1 of the Shoals
 50940 | Shoals:1 | Reached skill level 10 in Evocations
 52114 | Orc:2    | Bought a glowing long sword for 201 gold pieces
 52641 | Shoals:2 | Slain by a merfolk

Illustrated notes

Levels and vault maps discovered:
D:1:      dpeg_arrival_castle, layout_basic,
          dreamdust_ecumenical_altar_angels_and_demons
D:2:      layout_basic, uniq_robin
D:3:      layout_loops_ring, lemuel_round_altar, gammafunk_ghost_smash
D:4:      layout_gridville, uniq_natasha, uniq_pikel
D:5:      layout_gridville, mainiacjoe_overflow_alcove_1,
          nicolae_ru_awakened_eye, lemuel_doored_altar, lemuel_crystal_altar
D:6:      layout_rooms, minmay_temple_entry_grid, uniq_duvessa
D:7:      layout_loops_cross
D:8:      layout_rooms, nzn_overflow_gifts_of_might_and_magic, slow_altar_2,
          tso_oasis_becter, enter_ossuary_1, minmay_misc_feat_roman,
          kennysheep_generic_room_5
D:9:      layout_basic, lemuel_round_altar, nicolae_dithmenos_the_darkroom,
          nicolae_looking_at_the_future
D:10:     layout_gridville, tgw_xom, orc_0_dummy, uniq_erica, uniq_nergalle
D:11:     layout_stronghold, lair_entry_dummy, st_stairs_5,
          kennysheep_generic_room_14, uniq_erolcha
D:12:     layout_rooms, serial_corexii_hall, corexii_hall_statues_l,
          corexii_hall_statues_x, corexii_hall_statues_x,
          chequers_hall_statues_corner_a, corexii_hall_statues_s,
          corexii_hall_statues_x, uniq_josephine
D:13:     layout_basic, nicolae_trove_entry_crystal
D:14:     layout_small_grid, erik_vaults_2, gammafunk_ghost_split, minivault_28
D:15:     grunt_enter_depths_snipers, layout_loops_ring,
          nzn_hepliaklqana_mist_gate, corexii_hall_statues_l, elyvilon_altar_5
Temple:   jpeg_temple_alley_garden
Lair:1:   layout_cave_pods, lemuel_fruit_tree, grunt_megastairs_2
Lair:2:   layout_cave_pods, grunt_forest_large_clearing_hut, grunt_megastairs_3
Lair:3:   layout_gridlike, elwin_shoals_entry_rocks,
          spider_nest_entry_funnel_web, gammafunk_ghost_grave,
          minmay_shattered_shrine, uniq_urug
Lair:4:   layout_cave_pods, nicolae_lair_yak_garden
Lair:5:   layout_long_grid, slime_altar_1, pf_torpor_hydra, lemuel_fruit_fields
Lair:6:   evilmike_catoblepas_cave, layout_layer_cave, lemuel_fruit_fields,
          grunt_megastairs_5, uniq_snorg
Shoals:1: layout_shoals, nicolae_shoals_enchanted_isle
Shoals:2: layout_shoals, ebering_ghost_rock_garden, serial_shops, shop
Spider:1: layout_spider_delve, guppyfry_spider_mini_2, uniq_frances,
          uniq_jorgrun
Spider:2: layout_spider_delve, portal_ice_cave_entry_ice_statue_one
Spider:3: nicolae_spider_hilbert_zone_3 [nicolae_spider_hilbert_4_sides_2_open,
          nicolae_spider_hilbert_3_sides_1_open,
          nicolae_spider_hilbert_3_sides_1_open,
          nicolae_spider_hilbert_3_sides_1_open,
          nicolae_spider_hilbert_3_sides_1_open,
          nicolae_spider_hilbert_4_sides_1_open,
          nicolae_spider_hilbert_4_sides_1_open,
          nicolae_spider_hilbert_4_sides_1_open,
          nicolae_spider_hilbert_4_sides_1_open,
          nicolae_spider_hilbert_4_sides_1_open,
          nicolae_spider_hilbert_4_sides_1_open,
          nicolae_spider_hilbert_4_sides_1_open,
          nicolae_spider_hilbert_4_sides_1_open,
          nicolae_spider_hilbert_3_sides_1_open,
          nicolae_spider_hilbert_3_sides_1_open,
          nicolae_spider_hilbert_3_sides_1_open,
          nicolae_spider_hilbert_3_sides_1_open]
Spider:4: grunt_spider_rune_parallel, nicolae_spider_swamp_cousins, uniq_arachne
Orc:1:    layout_caves, basic_altar, serial_shops,
          nicolae_shop_overgrown_old_shop, nicolae_orc_lava_room
Orc:2:    grunt_orc_gardens, layout_caves, grunt_orc_garden, grunt_orc_garden,
          grunt_orc_garden, grunt_orc_garden, gauntlet_entry_generic,
          lightli_church_of_beogh
Elf:1:    layout_gridlike, evilmike_minifort, minmay_elf_annihilation

Skill      XL: |  1  2  3  4  5  6  7  8  9 10 11 12 13 14 15 16 17 18 19 20 |
---------------+-------------------------------------------------------------+-----
Bows           | 2 3 4 |  4.0
Spellcasting   | 3 5 7 9 11 12 14 16 | 16.1
Shields        | 2 |  2.5
Fighting       | 5 6 10 11 12 15 16 | 16.8
Dodging        | 5 7 11 | 11.8
Evocations     | 2 3 4 5 6 7 10 | 10.9
Long Blades    | 4 9 11 12 | 12.2
Armour         | 4 5 6 |  6.4
Stealth        | 5 7 |  7.6

Action                   |  1- 3 |  4- 6 |  7- 9 | 10-12 | 13-15 | 16-18 | 19-21 || total
-------------------------+-------+-------+-------+-------+-------+-------+-------++-------
Melee: Whip              |    84 |       |    42 |       |       |       |       ||   126
       Unarmed           |    10 |       |       |       |       |       |       ||    10
       Mace              |    28 |    22 |       |       |       |       |       ||    50
       Short sword       |       |       |    23 |    26 |       |       |       ||    49
       War axe           |       |       |       |    64 |       |       |       ||    64
       Scimitar          |       |       |       |    31 |   427 |   822 |   602 ||  1882
       Dagger            |       |       |       |       |       |       |    25 ||    25
 Fire: Shortbow          |    15 |       |       |       |       |       |       ||    15
       Hunting sling     |       |       |       |    46 |       |       |       ||    46
Throw: Stone             |    76 |    32 |    49 |    23 |     2 |       |       ||   182
       Javelin           |       |       |     1 |       |       |    10 |       ||    11
       Dart              |       |       |       |       |   102 |   156 |   122 ||   380
 Cast: Corona            |     2 |       |       |       |       |       |       ||     2
       Shock             |     8 |    78 |    97 |   134 |   121 |   177 |    33 ||   648
       Slow              |     4 |     6 |     9 |    29 |    65 |    36 |     4 ||   153
       Inner Flame       |     1 |     6 |    56 |   105 |   101 |   136 |    48 ||   453
       Portal Projectile |       |       |     2 |       |       |       |       ||     2
       Vampiric Draining |       |       |     3 |     1 |     5 |     2 |     3 ||    14
       Poisonous Vapours |       |       |       |    40 |    94 |   135 |    47 ||   316
       Cause Fear        |       |       |       |     1 |       |     1 |     3 ||     5
       Ice Form          |       |       |       |     1 |       |       |       ||     1
       Agony             |       |       |       |       |     3 |       |     3 ||     6
       Lesser Beckoning  |       |       |       |       |     1 |       |       ||     1
       Simulacrum        |       |       |       |       |       |    15 |    15 ||    30
       Death Channel     |       |       |       |       |       |     4 |    11 ||    15
       Conjure Ball Ligh |       |       |       |       |       |       |     7 ||     7
Invok: Curse Item        |       |       |     1 |     6 |     1 |     4 |       ||    12
       Shatter the Chain |       |       |       |     1 |       |     4 |     2 ||     7
 Abil: End Transformatio |       |       |       |     1 |       |       |       ||     1
       Evoke Invisibilit |       |       |       |       |       |     1 |     1 ||     2
Evoke: Wand              |       |       |       |       |    11 |    10 |     7 ||    28
       Condenser vane    |       |       |       |       |       |       |     1 ||     1
  Use: Scroll            |     1 |       |     1 |     4 |     4 |     8 |     4 ||    22
       Potion            |       |       |     1 |       |     1 |     1 |     5 ||     8
 Stab: Distracted        |       |       |     1 |       |       |       |     3 ||     4
       Petrified         |       |       |       |       |     4 |       |       ||     4
       Sleeping          |       |       |       |       |       |     4 |     6 ||    10
       Invisible         |       |       |       |       |       |       |     6 ||     6
Armor: Robe              |    42 |     3 |       |       |       |       |    90 ||   135
       Animal skin       |       |     5 |    38 |    69 |       |       |       ||   112
       Scale mail        |       |       |       |    18 |   207 |    37 |       ||   262
       Troll leather arm |       |       |       |       |       |   209 |    34 ||   243
Dodge: Dodged            |    99 |    29 |    60 |   143 |   226 |   640 |   566 ||  1763
Block: Buckler           |       |       |    10 |    48 |   135 |   242 |   176 ||   611
       Rpst.: Scimitar   |       |       |       |     7 |    52 |   150 |    99 ||   308
